 Dungeon Crawl Stone Soup version 0.17-a0-1295-gefc790a (webtiles) character file.

3299 Chiseanne the Covert (level 9, -2/39 HPs)
             Began as a Spriggan Enchanter on June 7, 2015.
             Was an Initiate of Gozag.
             Slain by a polar bear (26 damage)
             ... on level 7 of the Dungeon.
             The game lasted 00:37:30 (7924 turns).

Chiseanne the Covert (Spriggan Enchanter)           Turns: 7924, Time: 00:37:30

Health: -2/39      AC:  5    Str:  9    XL:     9   Next: 70%
Magic:  16/20      EV: 25    Int: 17    God:    Gozag
Gold:   1010       SH:  0    Dex: 19    Spells: 5 memorised, 10 levels left

rFire  . . .     SeeInvis +     s - +2 rapier (venom)
rCold  . . .     Clarity  .     b - +1 robe
rNeg   . . .     SustAt   .     (shield restricted)
rPois  +         Gourm    .     (helmet restricted)
rElec  +         Spirit   .     x - +1 cloak of Yredelemnul's Scorn {rElec rPois MR+ Stlth+}
rCorr  .         Warding  .     (gloves unavailable)
rMut   .         Stasis   .     (boots unavailable)
MR     ++...                    (no amulet)
Stlth  ++++++++..               (no ring)
                                (no ring)

@: mighty, very slightly contaminated, very quick, very resistant to hostile
enchantments, extraordinarily stealthy
A: unfitting armour, see invisible, herbivore 3, speed 3, slow metabolism 2
a: Potion Petition, Call Merchant, Bribe Branch, Renounce Religion


You were on level 7 of the Dungeon.
You worshipped Gozag.
Gozag was noncommittal.
You were not hungry.

You visited 2 branches of the dungeon, and saw 8 of its levels.

You collected 1046 gold pieces.
You paid 36 gold pieces to Gozag.

Inventory:

Hand weapons
 a - a +3 dagger of flaming
 r - a +0 falchion of holy wrath
 s - a +2 rapier of venom (weapon)
 w - a +0 blowgun
 K - a +0 shortbow of velocity
Missiles
 f - 99 arrows
 g - 15 sling bullets of frost
 q - 2 throwing nets (quivered)
 v - 20 bolts
 B - 8 needles of sleeping
 E - 36 sling bullets
 F - 19 poisoned needles
 I - 24 arrows of flame
Armour
 b - a +1 robe (worn)
 x - the +1 cloak of Yredelemnul's Scorn (worn) {rElec rPois MR+ Stlth+}
   (You found it on level 4 of the Dungeon)

   It insulates you from electricity.
   It protects you from poison.
   It affects your resistance to hostile enchantments.
   It makes you more stealthy.
Jewellery
 k - an uncursed ring of teleportation
 p - an uncursed ring of ice
 y - an uncursed ring of fire {unknown}
 C - an uncursed ring of stealth {unknown}
 H - an uncursed ring of flight {unknown}
Magical devices
 L - a wand of draining (11)
Scrolls
 i - 2 scrolls of magic mapping
 J - 3 scrolls of recharging
Potions
 e - 2 potions of ambrosia
 h - a potion of mutation {unknown}
 j - 3 potions of lignification
 l - a potion of poison {unknown}
 m - 4 potions of curing
 n - a potion of invisibility
 o - 2 potions of might
 t - a potion of berserk rage {unknown}
 u - a potion of degeneration {unknown}
 z - 2 potions of flight {unknown}
 A - 2 potions of cure mutation {unknown}
 D - a potion of cancellation {unknown}
 G - 2 potions of heal wounds {unknown}
Books
 c - a book of Maledictions

   Spells                             Type                      Level
   a - Corona                         Hexes                        1
   b - Ensorcelled Hibernation        Hexes/Ice                    2
   c - Confuse                        Hexes                        3
   d - Tukima's Dance                 Hexes                        3
   e - Dazzling Spray                 Conjuration/Hexes            3
Comestibles
 d - 6 bread rations


   Skills:
 * Level 5.2 Short Blades
 * Level 8.2 Dodging
 * Level 13.6 Stealth
 * Level 7.0 Spellcasting
 * Level 7.6 Hexes


You had 10 spell levels left.
You knew the following spells:

 Your Spells              Type           Power        Failure   Level  Hunger
a - Corona                Hex            ####...      1%          1    None
b - Ensorcelled Hibernat  Hex/Ice        ###...       3%          2    None
c - Confuse               Hex            ####....     1%          3    ##.....
d - Tukima's Dance        Hex            ####....     1%          3    ##.....
e - Dazzling Spray        Conj/Hex       ###.....     10%         3    ##.....


Dungeon Overview and Level Annotations

Branches:
Dungeon (7/15)             Temple (1/1) D:4

Altars:
Ashenzari
Cheibriados
Dithmenos
Elyvilon
Fedhas
Gozag
Kikubaaqudgha
Makhleb
Nemelex Xobeh
Okawaru
Sif Muna
Trog
Vehumet
Xom
Yredelemnul
Zin
The Shining One

Annotations:
D:4 Menkaure


Innate Abilities, Weirdness & Mutations

You are tiny and cannot use many weapons and most armour.
You have supernaturally acute eyesight.
You are a herbivore.
You cover ground extremely quickly.
You need consume almost no food.


Message History

The polar bear is distracted by the nearby gold. x2
The black bear is distracted by the nearby gold.
The polar bear growls angrily.
The black bear growls angrily.
The black bear growls angrily.
You impale the black bear!!
The black bear is poisoned.
The black bear is severely wounded.
You flicker back into view.
The polar bear is no longer distracted by gold. x2
The black bear is distracted by the nearby gold.
The black bear barely misses you. The black bear closely misses you.
The black bear completely misses you. The polar bear closely misses you.
The polar bear claws you. The polar bear closely misses you.
You hit the polar bear.
The polar bear is no longer distracted by gold.
The polar bear is moderately wounded.
The black bear is no longer distracted by gold. x2
The polar bear bites you!!
Ouch! That really hurt!
You die...
Your body crumbles into a pile of gold.

#........# ######
#........############.....
#...........$)............
#.#######...#####.###.####
#.#.....#$$.# #.# #.###.
#.#h....#...### #.# #.##..
#.#.h..$'$..#.# #.###.##..
###....?'.$.#.# #.....##.#
#....hh@..#.####'#.###.#
#..h.H'hh.#.##.'_'.# #.#
#....h#...#.##.#'#####.#
#%....#...#.##..........
#######...#(###.###.####
##.##.# #.# #.# #....# #.#
#.# #############.#
#.###.## #..)..........#
#.##...###


You could see 4 polar bears, a hippogriff and 4 black bears.

Vanquished Creatures
  3 polar bears (D:7)
  Grinder (D:6)
  A wolf (D:7)
  2 black bears (D:7)
  An orc warrior (D:7)
  2 phantoms
  An ice beast (D:6)
  6 ogres
  2 centaurs
  3 giant frogs (D:6)
  A scorpion (D:7)
  5 killer bees (D:7)
  A giant frog zombie (D:7)
  2 crimson imps
  2 orc priests
  A jelly (D:7)
  A quasit (D:7)
  2 iguanas (D:7)
  An orc wizard (D:7)
  Terence (D:3)
  3 hounds
  Natasha (thrice) (D:4)
  3 worker ants
  A hound skeleton (D:5)
  3 adders
  An ooze (D:2)
  An adder zombie (D:5)
  An adder skeleton (D:5)
  A worm (D:2)
  A giant gecko (D:7)
  10 orcs
  2 ball pythons (D:3)
  12 bats
  8 giant cockroaches
  20 hobgoblins
  7 jackals
  4 quokkas
  A giant gecko skeleton (D:4)
  7 giant newts
  14 goblins
  A jackal skeleton (D:7)
  9 kobolds
  A quokka zombie (D:5)
  13 rats
166 creatures vanquished.

Vanquished Creatures (others)
  A hobgoblin (D:1)
1 creature vanquished.

Grand Total: 167 creatures vanquished

Notes
Turn   | Place    | Note
--------------------------------------------------------------
     0 | D:1      | Chiseanne the Spriggan Enchanter began the quest for the Orb.
     0 | D:1      | Reached XP level 1. HP: 9/9 MP: 5/5
   175 | D:1      | Reached XP level 2. HP: 13/13 MP: 6/6
   281 | D:1      | Learned a level 2 spell: Ensorcelled Hibernation
   608 | D:1      | Reached skill level 5 in Stealth
   877 | D:2      | Found a burning altar of Makhleb.
   958 | D:2      | Reached XP level 3. HP: 11/16 MP: 1/8
  1493 | D:2      | Found a basalt altar of Yredelemnul.
  1494 | D:2      | Found a white marble altar of Elyvilon.
  2044 | D:2      | Reached XP level 4. HP: 21/21 MP: 4/9
  2235 | D:3      | Found an opulent altar of Gozag.
  2250 | D:3      | Became a worshipper of Gozag Ym Sagoz the Greedy
  2266 | D:3      | Reached skill level 6 in Stealth
  2737 | D:3      | Noticed Terence
  2752 | D:3      | Killed Terence
  2752 | D:3      | Reached skill level 5 in Hexes
  2752 | D:3      | Reached XP level 5. HP: 17/24 MP: 3/11
  2918 | D:3      | Learned a level 3 spell: Confuse
  2922 | D:3      | Learned a level 3 spell: Tukima's Dance
  3006 | D:4      | Noticed an ogre
  3097 | D:3      | Killed an ogre
  3097 | D:3      | Reached skill level 7 in Stealth
  3272 | D:4      | Reached XP level 6. HP: 28/28 MP: 12/12
  3287 | D:4      | Noticed Menkaure
  3298 | D:4      | Found a staircase to the Ecumenical Temple.
  3304 | Temple   | Entered the Ecumenical Temple
  3657 | D:4      | Noticed Natasha
  3718 | D:4      | Killed Natasha
  3794 | D:4      | Noticed Natasha
  3796 | D:4      | Learned a level 3 spell: Dazzling Spray
  3803 | D:4      | Killed Natasha
  3914 | D:4      | Noticed Natasha
  3924 | D:4      | Killed Natasha
  4140 | D:4      | Noticed an ogre
  4144 | D:4      | Killed an ogre
  4290 | D:4      | Got an encrusted cloak
  4301 | D:4      | Identified the +1 cloak of Yredelemnul's Scorn {rElec rPois MR+ Stlth+} (You found it on level 4 of the Dungeon)
  4826 | D:5      | Entered Level 5 of the Dungeon
  4937 | D:5      | Reached skill level 8 in Stealth
  4937 | D:5      | Reached XP level 7. HP: 16/32 MP: 1/14
  5597 | D:5      | Found an iron altar of Okawaru.
  5853 | D:6      | Noticed Grinder
  5861 | D:6      | Killed Grinder
  5861 | D:6      | Reached skill level 5 in Dodging
  5861 | D:6      | Reached skill level 9 in Stealth
  5861 | D:6      | Reached skill level 5 in Spellcasting
  5946 | D:6      | Reached skill level 10 in Stealth
  5946 | D:6      | Reached XP level 8. HP: 21/36 MP: 3/16
  6548 | D:6      | Reached skill level 11 in Stealth
  6860 | D:7      | Found a huge runed gate.
  6860 | D:7      | Found a huge runed gate.
  6860 | D:7      | Found a huge runed gate.
  6860 | D:7      | Noticed a polar bear
  6860 | D:7      | Noticed a polar bear
  6861 | D:7      | Found a huge runed gate.
  6861 | D:7      | Noticed a polar bear
  6862 | D:7      | Noticed a polar bear
  6862 | D:7      | Noticed a polar bear
  6868 | D:7      | Noticed a polar bear
  6869 | D:7      | Noticed a polar bear
  7008 | D:7      | Reached skill level 12 in Stealth
  7016 | D:7      | Found a glowing golden altar of the Shining One.
  7106 | D:7      | Reached XP level 9. HP: 13/39 MP: 6/19
  7889 | D:7      | Killed a polar bear
  7901 | D:7      | Reached skill level 13 in Stealth
  7905 | D:7      | Killed a polar bear
  7905 | D:7      | Reached skill level 5 in Short Blades
  7915 | D:7      | Killed a polar bear
  7924 | D:7      | Slain by a polar bear

Vault maps used:
D:1:      saegor_arrival_miasma
D:2:      old_standard_altar, grunt_temple_overflow_open, serial_bayou,
          serial_bayou_pond_c, serial_bayou_lake_a, serial_bayou_pond_e,
          serial_bayou_lagoon_a, kennysheep_cross_room
D:3:      first_bread, grunt_gozag_breadcrumbs, uniq_terence
D:4:      temple_doors_d, uniq_menkaure, uniq_natasha
D:5:      okawaru_altar_gauntlet_db
D:6:      uniq_grinder
D:7:      lemuel_bear_cage, kennysheep_mini
Temple:   oiseaux_autumnal_temple_12

Action                   |  1- 3 |  4- 6 |  7- 9 || total
-------------------------+-------+-------+-------++-------
Melee: Dagger            |   108 |    79 |    98 ||   285
       Rapier            |       |       |    86 ||    86
Throw: Throwing net      |       |     1 |       ||     1
 Cast: Corona            |     9 |     4 |     7 ||    20
       Ensorcelled Hiber |    30 |    34 |    26 ||    90
       Dazzling Spray    |       |     6 |     7 ||    13
  Use: Scroll            |     7 |     4 |     7 ||    18
       Potion            |       |       |     2 ||     2
 Stab: Sleeping          |    31 |    26 |    35 ||    92
       Distracted        |       |     2 |     3 ||     5
       Held in net/web   |       |     1 |       ||     1
       Invisible         |       |       |     8 ||     8
  Eat: Bread ration      |       |     1 |     1 ||     2
